TOP OF THE 1ST |
Cincinnati Reds batting - Pitching for San Diego Padres : LHP Danny Arizola
|
Pitching: LHP Danny Arizola
|
|
Batting: RHB Jim Anderson
|
0-0: Ball 1-0: Swinging Strike 1-1: Ball 2-1: Ball 3-1: Base on Balls
|
Batting: RHB Nick Deurloo
|
0-0: SINGLE (Line Drive, 78S, EV 92.5 MPH) Jim Anderson to second Runner from 2nd tries for 3rd, SAFE, no throw by LF
|
Batting: RHB Gary Matthews
|
0-0: Ball 1-0: Called Strike 1-1: Ball 2-1: Fielders Choice at 2nd, 3-6 (Groundball, 34, EV 90.6 MPH) Jim Anderson scores
|
Batting: LHB Mike Easler
|
0-0: Ball 1-0: Ball 2-0: Ball 3-0: Called Strike 3-1: Base on Balls Gary Matthews to second
|
Batting: RHB Johnny Bench
|
0-0: Ball 1-0: Fly out, F7 (Flyball, 78D, EV 96.9 MPH)
|
Batting: LHB Darrell Evans
|
0-0: Ball 1-0: Called Strike 1-1: Ball Passed Ball! Gary Matthews to third Mike Easler to second 2-1: Ball 3-1: Swinging Strike 3-2: Strikes out swinging
|
Top of the 1st over - 1 run, 1 hit, 0 errors, 2 left on base; Cincinnati 1 - San Diego 0 |
BOTTOM OF THE 1ST |
San Diego Padres batting - Pitching for Cincinnati Reds : LHP Doug Rau
|
Pitching: LHP Doug Rau
|
|
Batting: RHB Bob Dernier
|
0-0: Ball 1-0: Ball 2-0: Bunt for hit to 25 - play at first, batter safe!
|
Batting: RHB Dave Edler
|
0-0: Foul Ball, location: 2F 0-1: Foul Ball, location: 2F 0-2: Foul Ball, location: 2F 0-2: Foul Ball, location: 2F 0-2: Fly out, F9 (Flyball, 9LS, EV 88.1 MPH)
|
Batting: RHB Dennis Dungy
|
0-0: Ball 1-0: Ball 2-0: Called Strike 2-1: DOUBLE (Groundball, 5L, EV 106.3 MPH) Bob Dernier to third Runner from 3rd tries for Home, SAFE, no throw by LF
|
Batting: RHB Joel Youngblood
|
0-0: Ball 1-0: Ball 2-0: Ball 3-0: Base on Balls
|
Batting: LHB Tom Dunbar
|
0-0: Called Strike Dennis Dungy steals 3rd, throwing error, E2 Dennis Dungy scores Joel Youngblood to third 0-1: Ball 1-1: Fly out, F8 (Flyball, 8LS, EV 88.1 MPH)
|
Batting: RHB Nicky Richards
|
0-0: Ball 1-0: Foul Ball, location: 2F 1-1: Called Strike 1-2: Fly out, F4 (Popup, 3S, EV 86.3 MPH)
|
Bottom of the 1st over - 2 runs, 2 hits, 1 error, 1 left on base; Cincinnati 1 - San Diego 2 |
TOP OF THE 2ND |
Cincinnati Reds batting - Pitching for San Diego Padres : LHP Danny Arizola
|
Batting: RHB Bill Melton
|
0-0: Ball 1-0: Foul Ball, location: 2F 1-1: Foul Ball, location: 2F 1-2: Ball 2-2: Reached on error, E6 (Groundball, 6, EV 83.1 MPH)
|
Batting: RHB Ramon Borrero
|
0-0: Called Strike 0-1: Fly out, F9 (Flyball, 9LS, EV 77.5 MPH)
|
Batting: LHB Doug Rau
|
0-0: Sac Bunt to 15 - play at first, batter OUT! 1-4 Bill Melton to second
|
Batting: RHB Jim Anderson
|
0-0: Ball 1-0: Fly out, F6 (Popup, 15S, EV 81.3 MPH)
|
Top of the 2nd over - 0 runs, 0 hits, 1 error, 1 left on base; Cincinnati 1 - San Diego 2 |
BOTTOM OF THE 2ND |
San Diego Padres batting - Pitching for Cincinnati Reds : LHP Doug Rau
|
Batting: RHB Kelvin Moore
|
0-0: Ball 1-0: Ball 2-0: Ball 3-0: Called Strike 3-1: Fly out, F9 (Flyball, 9D, EV 91.9 MPH)
|
Batting: LHB Jerry McDonald
|
0-0: Ball 1-0: Ground out 4-3 (Groundball, 4MS, EV 67.5 MPH)
|
Batting: LHB Danny Arizola
|
0-0: Ground out 6-3 (Groundball, 56, EV 86.3 MPH)
|
Bottom of the 2nd over - 0 runs, 0 hits, 0 errors, 0 left on base; Cincinnati 1 - San Diego 2 |
TOP OF THE 3RD |
Cincinnati Reds batting - Pitching for San Diego Padres : LHP Danny Arizola
|
Batting: RHB Nick Deurloo
|
0-0: Ball 1-0: Ball 2-0: Ball 3-0: Called Strike 3-1: Ground out 6-3 (Groundball, 6, EV 86.3 MPH)
|
Batting: RHB Gary Matthews
|
0-0: Ball 1-0: DOUBLE (Line Drive, 9LM, EV 101.9 MPH)
|
Batting: LHB Mike Easler
|
0-0: Ball 1-0: Called Strike 1-1: Foul Ball, location: 2F 1-2: Strikes out looking
|
Batting: RHB Johnny Bench
|
0-0: Foul Ball, location: 2F 0-1: Ball 1-1: Ball 2-1: 2-RUN HOME RUN (Flyball, 78XD, EV 99.4 MPH), Distance : 457 ft
|
Batting: LHB Darrell Evans
|
0-0: Ball 1-0: Ball 2-0: Ball 3-0: Base on Balls
|
Batting: RHB Bill Melton
|
0-0: Ball 1-0: Foul Ball, location: 2F 1-1: Foul Ball, location: 2F 1-2: Ball 2-2: Ball 3-2: Foul Ball, location: 2F 3-2: Foul Ball, location: 2F 3-2: Strikes out looking
|
Top of the 3rd over - 2 runs, 2 hits, 0 errors, 1 left on base; Cincinnati 3 - San Diego 2 |
BOTTOM OF THE 3RD |
San Diego Padres batting - Pitching for Cincinnati Reds : LHP Doug Rau
|
Batting: RHB Bob Dernier
|
0-0: Bunted foul 0-1: Ball 1-1: Fly out, F9 (Flyball, 9S, EV 87.5 MPH)
|
Batting: RHB Dave Edler
|
0-0: Called Strike 0-1: Swinging Strike 0-2: Foul Ball, location: 2F 0-2: Ball 1-2: Strikes out swinging
|
Batting: RHB Dennis Dungy
|
0-0: Ball 1-0: Ball 2-0: Ball 3-0: Base on Balls
|
Batting: RHB Joel Youngblood
|
0-0: Ball Dennis Dungy is caught stealing 2nd base 2-4
|
Bottom of the 3rd over - 0 runs, 0 hits, 0 errors, 0 left on base; Cincinnati 3 - San Diego 2 |
TOP OF THE 4TH |
Cincinnati Reds batting - Pitching for San Diego Padres : LHP Danny Arizola
|
Batting: RHB Ramon Borrero
|
0-0: SINGLE (Groundball, 56D, EV 95.6 MPH)
|
Batting: LHB Doug Rau
|
0-0: Bunted foul 0-1: Sac Bunt to 15S - play at first, batter OUT! 1-4 Ramon Borrero to second
|
Batting: RHB Jim Anderson
|
0-0: Foul Ball, location: 2F 0-1: Ball 1-1: Ball 2-1: Ball 3-1: Called Strike 3-2: Foul Ball, location: 2F 3-2: Ground out 5-3 (Groundball, 56, EV 88.8 MPH)
|
Batting: RHB Nick Deurloo
|
0-0: Ball 1-0: Ball 2-0: Swinging Strike 2-1: Foul Ball, location: 2F 2-2: Ball 3-2: Strikes out looking
|
Top of the 4th over - 0 runs, 1 hit, 0 errors, 1 left on base; Cincinnati 3 - San Diego 2 |
BOTTOM OF THE 4TH |
San Diego Padres batting - Pitching for Cincinnati Reds : LHP Doug Rau
|
Batting: RHB Joel Youngblood
|
0-0: Foul Ball, location: 2F 0-1: Swinging Strike 0-2: SINGLE (Groundball, 6MD, EV 100.0 MPH)
|
Batting: LHB Tom Dunbar
|
0-0: Ball 1-0: Swinging Strike 1-1: Fielders Choice at 2nd, 4-6 (Groundball, 4M, EV 84.4 MPH)
|
Batting: RHB Nicky Richards
|
0-0: Ball 1-0: Called Strike 1-1: Called Strike 1-2: Foul Ball, location: 2F 1-2: Grounds out, U3 (Groundball, 3L, EV 110.6 MPH)
|
Batting: RHB Kelvin Moore
|
0-0: SINGLE (Groundball, 4MD, EV 94.4 MPH) Tom Dunbar to third Runner from 3rd tries for Home, SAFE, throw by CF to home
|
Batting: LHB Jerry McDonald
|
0-0: 2-RUN HOME RUN (Flyball, 89XD, EV 100.6 MPH), Distance : 447 ft
|
Batting: LHB Danny Arizola
|
0-0: Foul Ball, location: 2F 0-1: Ground out 1-4-3 (Groundball, 15S, EV 101.3 MPH)
|
Bottom of the 4th over - 3 runs, 3 hits, 0 errors, 0 left on base; Cincinnati 3 - San Diego 5 |
TOP OF THE 5TH |
Cincinnati Reds batting - Pitching for San Diego Padres : LHP Danny Arizola
|
Batting: RHB Gary Matthews
|
0-0: Foul Ball, location: 2F 0-1: SINGLE (Groundball, 6MD, EV 103.1 MPH)
|
Batting: LHB Mike Easler
|
0-0: Ball 1-0: Ball 2-0: Ball 3-0: Called Strike 3-1: Swinging Strike 3-2: Base on Balls Gary Matthews to second
|
Batting: RHB Johnny Bench
|
0-0: Called Strike 0-1: Ball 1-1: Ball 2-1: Foul Ball, location: 2F 2-2: Foul Ball, location: 2F 2-2: SINGLE (Line Drive, 3D, EV 110.0 MPH) Gary Matthews to third Mike Easler to second Runner from 3rd tries for Home, SAFE, throw by RF to home
|
Batting: LHB Darrell Evans
|
0-0: Called Strike 0-1: Called Strike 0-2: Foul Ball, location: 2F 0-2: Foul Ball, location: 2F 0-2: Ball 1-2: Foul Ball, location: 2F 1-2: Fly out, F7 (Flyball, 78S, EV 87.5 MPH)
|
Batting: RHB Bill Melton
|
0-0: Foul Ball, location: 2F 0-1: Foul Ball, location: 2F 0-2: Ball 1-2: Ball 2-2: Fly out, F8 (Flyball, 89D, EV 100.0 MPH) Runner from 2nd tags up, SAFE at 3rd, no throw by CF
|
Batting: RHB Ramon Borrero
|
0-0: Swinging Strike 0-1: Ball Wild Pitch! Mike Easler scores Johnny Bench to second 1-1: Intentional Walk
|
Batting: LHB Doug Rau
|
0-0: Ball 1-0: Ball 2-0: SINGLE (Groundball, 34D, EV 108.8 MPH) Johnny Bench to third Ramon Borrero to second Runner from 3rd tries for Home, SAFE, throw by RF to home
|
Pitching: LHP Ed Vande Berg
|
|
Batting: RHB Jim Anderson
|
0-0: Ball 1-0: Ball 2-0: Foul Ball, location: 2F 2-1: Foul Ball, location: 2F 2-2: Foul Ball, location: 2F 2-2: Foul Ball, location: 2F 2-2: Foul Ball, location: 2F 2-2: Foul Ball, location: 2F 2-2: Fielders Choice at 2nd, 6-4 (Groundball, 6, EV 84.4 MPH)
|
Top of the 5th over - 3 runs, 3 hits, 0 errors, 2 left on base; Cincinnati 6 - San Diego 5 |
BOTTOM OF THE 5TH |
San Diego Padres batting - Pitching for Cincinnati Reds : LHP Doug Rau
|
Batting: RHB Bob Dernier
|
0-0: Ball 1-0: Ball 2-0: Swinging Strike 2-1: Fly out, F4 (Flyball, 34D, EV 91.9 MPH)
|
Batting: RHB Dave Edler
|
0-0: Swinging Strike 0-1: Ball 1-1: Foul Ball, location: 2F 1-2: Ball 2-2: Foul Ball, location: 2F 2-2: Foul Ball, location: 2F 2-2: Ball 3-2: Fly out, F7 (Flyball, 78S, EV 90.6 MPH)
|
Batting: RHB Dennis Dungy
|
0-0: Ball 1-0: Ball 2-0: Called Strike 2-1: Ball 3-1: Swinging Strike 3-2: Foul Ball, location: 2F 3-2: Strikes out swinging
|
Bottom of the 5th over - 0 runs, 0 hits, 0 errors, 0 left on base; Cincinnati 6 - San Diego 5 |
TOP OF THE 6TH |
Cincinnati Reds batting - Pitching for San Diego Padres : LHP Ed Vande Berg
|
Batting: RHB Nick Deurloo
|
0-0: Ball 1-0: Ground out U3 (Groundball, 13, EV 92.5 MPH)
|
Batting: RHB Gary Matthews
|
0-0: Ball 1-0: Called Strike 1-1: DOUBLE (Groundball, 5L, EV 109.4 MPH)
|
Batting: LHB Mike Easler
|
0-0: Fly out, F8 (Flyball, 8RD, EV 80.0 MPH) Runner from 2nd tags up, SAFE at 3rd with throw by CF
|
Batting: RHB Johnny Bench
|
0-0: Ball 1-0: Called Strike 1-1: Ball 2-1: Called Strike 2-2: Foul Ball, location: 2F 2-2: Ball 3-2: Strikes out swinging, 2-3 out at first.
|
Top of the 6th over - 0 runs, 1 hit, 0 errors, 1 left on base; Cincinnati 6 - San Diego 5 |
BOTTOM OF THE 6TH |
San Diego Padres batting - Pitching for Cincinnati Reds : LHP Doug Rau
|
Batting: RHB Joel Youngblood
|
0-0: Ball 1-0: Ball 2-0: Called Strike 2-1: SINGLE (Line Drive, 8RS, EV 100.6 MPH)
|
Batting: LHB Tom Dunbar
|
0-0: Ball 1-0: Called Strike 1-1: Foul Ball, location: 2F 1-2: Ball 2-2: Foul Ball, location: 2F 2-2: Foul Ball, location: 2F 2-2: Foul Ball, location: 2F 2-2: Foul Ball, location: 2F 2-2: Ball 3-2: Fly out, F7 (Flyball, 78D, EV 89.4 MPH)
|
Batting: RHB Nicky Richards
|
0-0: Ball 1-0: SINGLE (Groundball, 6MD, EV 108.8 MPH) Joel Youngblood to second Runner from 2nd tries for 3rd, SAFE, throw by CF made to third Nicky Richards to second
|
Batting: RHB Kelvin Moore
|
0-0: Called Strike 0-1: SINGLE (Flyball, 34D, EV 96.9 MPH) Joel Youngblood scores Nicky Richards to third Runner from 3rd tries for Home, SAFE, throw by RF to home
|
Pitching: LHP Danny Boone
|
|
Now in RF: Jim Bennett
|
|
Batting: LHB Jerry McDonald
|
0-0: Called Strike 0-1: Called Strike 0-2: Foul Ball, location: 2F 0-2: Ball 1-2: Foul Ball, location: 2F 1-2: Fly out, F5 (Popup, 5SF, EV 86.3 MPH)
|
Pinch Hitting: RHB Tommy Curran
|
0-0: Ball 1-0: Foul Ball, location: 2F 1-1: Ball 2-1: Swinging Strike 2-2: Fly out, F8 (Flyball, 8RD, EV 95.6 MPH)
|
Bottom of the 6th over - 2 runs, 3 hits, 0 errors, 1 left on base; Cincinnati 6 - San Diego 7 |
TOP OF THE 7TH |
Cincinnati Reds batting - Pitching for San Diego Padres : LHP Ed Vande Berg
|
Pitching: RHP Craig Eaton
|
|
Now at 1B: Chris Chambliss
|
|
Batting: LHB Darrell Evans
|
0-0: Called Strike 0-1: Swinging Strike 0-2: Strikes out swinging
|
Batting: RHB Bill Melton
|
0-0: Ball 1-0: Ball 2-0: SINGLE (Groundball, 56D, EV 102.5 MPH)
|
Pinch Hitting: LHB Joseph Talley
|
0-0: Foul Ball, location: 2F 0-1: Ball 1-1: Swinging Strike 1-2: Strikes out looking
|
Batting: LHB Jim Bennett
|
0-0: Ball 1-0: Ball 2-0: Foul Ball, location: 2F 2-1: Swinging Strike 2-2: Ball 3-2: Base on Balls Bill Melton to second
|
Batting: RHB Jim Anderson
|
0-0: Ball 1-0: Called Strike 1-1: Foul Ball, location: 2F 1-2: Fielders Choice at 2nd, 5-4 (Groundball, 56, EV 109.4 MPH)
|
Top of the 7th over - 0 runs, 1 hit, 0 errors, 2 left on base; Cincinnati 6 - San Diego 7 |
BOTTOM OF THE 7TH |
San Diego Padres batting - Pitching for Cincinnati Reds : LHP Danny Boone
|
Now at 2B: John Damon
|
|
Batting: RHB Bob Dernier
|
0-0: Foul Ball, location: 2F 0-1: Ground out 4-3 (Groundball, 4, EV 106.3 MPH)
|
Batting: RHB Dave Edler
|
0-0: Fly out, F7 (Flyball, 7S, EV 95.6 MPH)
|
Batting: LHB Chris Chambliss
|
0-0: Swinging Strike 0-1: DOUBLE (Line Drive, 7D, EV 92.5 MPH)
|
Batting: RHB Joel Youngblood
|
0-0: Intentional Walk
|
Batting: LHB Tom Dunbar
|
0-0: Swinging Strike 0-1: Swinging Strike 0-2: SINGLE (Line Drive, 89S, EV 108.8 MPH) Chris Chambliss to third Joel Youngblood to second Runner from 3rd tries for Home, SAFE, throw by RF to home
|
Batting: RHB Nicky Richards
|
0-0: Foul Ball, location: 2F 0-1: Swinging Strike 0-2: Fielders Choice at 2nd, U6 (Groundball, 6M, EV 89.4 MPH)
|
Bottom of the 7th over - 1 run, 2 hits, 0 errors, 2 left on base; Cincinnati 6 - San Diego 8 |
TOP OF THE 8TH |
Cincinnati Reds batting - Pitching for San Diego Padres : RHP Craig Eaton
|
Pinch Hitting: RHB Marco Mosquera
|
0-0: Ball 1-0: Ball 2-0: Called Strike 2-1: Foul Ball, location: 2F 2-2: Fly out, F4 (Popup, 4MD, EV 71.3 MPH)
|
Batting: RHB Gary Matthews
|
0-0: Fly out, F9 (Flyball, 89M, EV 81.3 MPH)
|
Batting: LHB Mike Easler
|
0-0: Ball 1-0: Called Strike 1-1: Ball 2-1: Swinging Strike 2-2: Strikes out swinging
|
Top of the 8th over - 0 runs, 0 hits, 0 errors, 0 left on base; Cincinnati 6 - San Diego 8 |
BOTTOM OF THE 8TH |
San Diego Padres batting - Pitching for Cincinnati Reds : LHP Danny Boone
|
Pitching: RHP Mike Armstrong
|
|
Batting: RHB Kelvin Moore
|
0-0: Ball 1-0: Ball 2-0: SINGLE (Groundball, 4M, EV 103.1 MPH) (infield hit)
|
Batting: LHB Jerry McDonald
|
0-0: Ball 1-0: Ground out U3 (Groundball, 3S, EV 72.5 MPH) Kelvin Moore to second
|
Pinch Hitting: RHB Mike Calise
|
0-0: Foul Ball, location: 2F 0-1: Fly out, F4 (Flyball, 4D, EV 90.0 MPH)
|
Batting: RHB Bob Dernier
|
0-0: Ball 1-0: Ball 2-0: Ball 3-0: Called Strike 3-1: Base on Balls
|
Batting: RHB Dave Edler
|
0-0: Ball 1-0: Ball 2-0: Ball 3-0: Called Strike 3-1: Called Strike 3-2: Base on Balls Kelvin Moore to third Bob Dernier to second
|
Batting: LHB Chris Chambliss
|
0-0: Ball 1-0: Called Strike 1-1: Foul Ball, location: 2F 1-2: Strikes out swinging
|
Bottom of the 8th over - 0 runs, 1 hit, 0 errors, 3 left on base; Cincinnati 6 - San Diego 8 |
TOP OF THE 9TH |
Cincinnati Reds batting - Pitching for San Diego Padres : RHP Craig Eaton
|
Pitching: RHP David Sandoval
|
|
Batting: RHB Johnny Bench
|
0-0: Swinging Strike 0-1: Called Strike 0-2: Strikes out swinging
|
Batting: LHB Darrell Evans
|
0-0: Ball 1-0: Ball 2-0: Called Strike 2-1: Ground out U3 (Groundball, 3, EV 79.4 MPH)
|
Batting: RHB Bill Melton
|
0-0: Called Strike 0-1: Ball 1-1: Ball 2-1: Fly out, F9 (Flyball, 9S, EV 83.1 MPH)
|
Top of the 9th over - 0 runs, 0 hits, 0 errors, 0 left on base; Cincinnati 6 - San Diego 8 |
|